 Dungeon Crawl Stone Soup version 0.24.0-123-gd5b16e6ec5 (webtiles) character file.

Game seed: 15535396875377888763, levelgen mode: deterministic

262 Notrik the Fighter (level 5, 0/53 HPs)
             Began as a Minotaur Berserker on Feb 7, 2020.
             Was a Believer of Trog.
             Succumbed to a water moccasin's poison
             ... on level 2 of the Dungeon.
             The game lasted 00:04:37 (2342 turns).

Notrik the Fighter (Minotaur Berserker)             Turns: 2342, Time: 00:04:37

Health: 0/53       AC: 11    Str: 22    XL:     5   Next: 97%
Magic:  4/4        EV:  7    Int:  9    God:    Trog [**....]
Gold:   76         SH:  0    Dex: 10    Spells: 4/4 levels left

rFire    . . .     SeeInvis .   a - +0 hand axe
rCold    . . .     Gourm    .   (no shield)
rNeg     . . .     Faith    .   n - +0 plate armour
rPois    .         Spirit   .   (helmet restricted)
rElec    .         Reflect  .   (no cloak)
rCorr    .         Harm     .   (no gloves)
MR       .....                  (no boots)
Stlth    ..........             (no amulet)
HPRegen  0.17/turn              (no ring)
MPRegen  0.09/turn              (no ring)

@: brilliant, lethally poisoned (0 -> -8)
A: retaliatory headbutt, horns 2
a: Berserk, Trog's Hand, Renounce Religion


You were on level 2 of the Dungeon.
You worshipped Trog.
Trog was pleased with you.
You were not hungry.

You visited 1 branch of the dungeon, and saw 3 of its levels.

You collected 76 gold pieces.

Inventory:

Hand Weapons
 a - a +0 hand axe (weapon)
Armour
 n - a +0 plate armour (worn)
   (You found it on level 2 of the Dungeon)
 o - +0 fire dragon scales
   (You found it on level 2 of the Dungeon)
Scrolls
 b - 3 scrolls of enchant weapon {unknown}
 d - 3 scrolls of blinking {unknown}
 f - 3 scrolls of remove curse {unknown}
 g - a scroll of enchant armour {unknown}
 j - 2 scrolls of magic mapping {unknown}
 l - 3 scrolls of immolation {unknown}
 m - 2 scrolls of fear {unknown}
Comestibles
 e - 4 rations {!d}


   Skills:
 * Level 8.1 Fighting
 - Level 3.6 Axes
 - Level 2.4 Armour
 - Level 2.1 Dodging


You had 4 spell levels left.
You didn't know any spells.
Your spell library was empty.

Dungeon Overview and Level Annotations

Branches:
Dungeon (3/15)

Altars:
Ashenzari


Innate Abilities, Weirdness & Mutations

You reflexively headbutt those who attack you in melee.
You have a pair of horns on your head.


Message History

You bump into the rock wall.
You feel sick. The water moccasin closely misses you.
You feel less invigorated.
You feel less confused.
You feel sick.
The water moccasin completely misses you.
The water moccasin bites you but does no damage.
Things that are here:
a +0 dagger; 2 stones; a kobold corpse You feel sick.
The water moccasin barely misses you.
You feel sick.
You miss the water moccasin. You headbutt the water moccasin!
You feel sick.
The water moccasin bites you but does no damage.
The water moccasin bites you.
* * * LOW HITPOINT WARNING * * *
You are lethally poisoned!
The water moccasin poisons you!
You hit the water moccasin but do no damage.
* * * LOW HITPOINT WARNING * * *
You feel sick.
The water moccasin bites you but does no damage. x2
You closely miss the water moccasin.
* * * LOW HITPOINT WARNING * * *
You feel sick. The water moccasin bites you.
* * * LOW HITPOINT WARNING * * *
You hit the water moccasin.
* * * LOW HITPOINT WARNING * * *
You feel sick.
The water moccasin bites you but does no damage.
The water moccasin closely misses you.
You hit the water moccasin.
You kill the water moccasin!
Trog accepts your kill.
Your Fighting skill increases to level 8!
* * * LOW HITPOINT WARNING * * *
You feel sick.
You are too injured to fight recklessly!
There is a lethal amount of poison in your body!
There is a lethal amount of poison in your body!
There is a lethal amount of poison in your body!
* * * LOW HITPOINT WARNING * * *
You feel sick.
There is a lethal amount of poison in your body!
There is a lethal amount of poison in your body!
There is a lethal amount of poison in your body!
* * * LOW HITPOINT WARNING * * *
You feel sick.
* * * LOW HITPOINT WARNING * * *
You feel sick.
You die...

##..## #......#
##..############
#......#
##..##........#
#.......
##..#........#
#.......
##..........#
#.......
##.........#
#....... ##........#
#.......
##........########.#
#>)@......'....)....
#.........#)######(#
#...............##.#
#..........)....'...
##..............##.#
########.......##.#
#.......##.#
#.......'..#
#.......####


There were no monsters in sight!

Vanquished Creatures
  A water moccasin (D:2)
  Natasha (thrice) (D:2)
  2 adders (D:2)
  3 worms (D:2)
  3 dart slugs
  A ball python (D:2)
  6 bats
  2 giant cockroaches
  9 hobgoblins
  A quokka (D:2)
  A frilled lizard (D:1)
  6 goblins
  6 kobolds
  4 rats
48 creatures vanquished.

Notes
Turn   | Place    | Note
-------+----------+-------------------------------------------
     0 | D:1      | Notrik the Minotaur Berserker began the quest for the Orb.
     0 | D:1      | Reached XP level 1. HP: 19/19 MP: 0/0
   177 | D:1      | Reached skill level 4 in Fighting
   200 | D:1      | Reached XP level 2. HP: 28/28 MP: 1/1
   928 | D:2      | Reached skill level 5 in Fighting
   928 | D:2      | Reached XP level 3. HP: 14/36 MP: 2/2
  1337 | D:2      | Reached ** piety under Trog
  1369 | D:2      | Found a shattered altar of Ashenzari.
  1468 | D:2      | Noticed Natasha
  1473 | D:2      | Killed Natasha
  1473 | D:2      | Reached skill level 6 in Fighting
  1473 | D:2      | Reached XP level 4. HP: 44/44 MP: 3/3
  1814 | D:2      | Noticed Natasha
  1827 | D:2      | Killed Natasha
  1832 | D:2      | Noticed Natasha
  1839 | D:2      | Killed Natasha
  1845 | D:2      | Reached XP level 5. HP: 15/51 MP: 4/4
  1992 | D:2      | Reached skill level 7 in Fighting
  2183 | D:3      | Noticed a water moccasin
  2338 | D:2      | Killed a water moccasin
  2338 | D:2      | Reached skill level 8 in Fighting
  2340 | D:2      | HP: 2/53 [poisoned by a water moccasin]
  2342 | D:2      | Succumbed to a water moccasin's poison

Levels and vault maps discovered:
D:1:      shiori_arrival_elements, layout_loops_ring
D:2:      layout_basic, nicolae_ashenzari_panopticon, uniq_natasha
D:3:      layout_rooms, first_ration, uniq_robin

Skill      XL: |  1  2  3  4  5 |
---------------+----------------+-----
Fighting       | 4 5 6 8 |  8.1
Axes           | |  3.6
Armour         | |  2.4
Dodging        | |  2.1

Action                   |  1- 3 |  4- 6 || total
-------------------------+-------+-------++-------
Melee: Hand axe          |    84 |    63 ||   147
       Headbutt          |     9 |     9 ||    18
  Use: Potion            |       |     3 ||     3
  Eat: Chunk             |     2 |     3 ||     5
Armor: Animal skin       |     2 |       ||     2
       Scale mail        |     9 |       ||     9
       Chain mail        |    15 |       ||    15
       Plate armour      |     7 |    49 ||    56
Dodge: Dodged            |    42 |    30 ||    72
